 Dungeon Crawl Stone Soup version 0.30.0-16-gbe6223bb7e (webtiles) character file.

Game seed: 8201482874086324885

442 Kenran the Slasher (level 7, 0/41 HPs)
             Began as a Gargoyle Berserker on May 20, 2023.
             Was a Believer of Trog.
             Killed from afar by an orc (13 damage)
             ... with a bolt of light
             ... on level 4 of the Dungeon.
             The game lasted 00:05:51 (3715 turns).

Kenran the Slasher (Gargoyle Berserker)             Turns: 3715, Time: 00:05:52

Health: 0/41       AC: 11    Str: 26    XL:     7   Next: 2%
Magic:  7/7        EV: 11    Int:  8    God:    Trog [**....]
Gold:   91         SH:  0    Dex: 11    Spells: 6/6 levels left

rFire   . . .        a - +0 falchion
rCold   . . .        (no shield)
rNeg    + + .        k - +0 ring mail
rPois   ∞            (no helmet)
rElec   +            f - +0 cloak
rCorr   .            (no gloves)
SInv    .            (no boots)
Will    .....        l - amulet of faith {!P} Stlth
                     c - +6 ring of strength
HPRegen 0.26/turn    r - ring of positive energy
MPRegen 0.10/turn

%: faith
@: confused
A: sickness immunity, AC +4, negative energy resistance 1, electricity
resistance, torment resistance 1, petrification resistance
a: Renounce Religion, Berserk, Trog's Hand


You were on level 4 of the Dungeon.
You worshipped Trog.
Trog was pleased with you.
You visited 1 branch of the dungeon, and saw 4 of its levels.

You collected 187 gold pieces.
You spent 96 gold pieces at shops.

Inventory:

Hand Weapons
 a - a +0 falchion (weapon)
 b - a +2 short sword of draining
Armour
 f - a +0 cloak (worn)
 k - a +0 ring mail (worn)
Jewellery
 c - a +6 ring of strength (left hand)
 l - an amulet of faith (around neck) {!P}
 r - a ring of positive energy (right hand)
Scrolls
 d - a scroll of enchant armour
 e - a scroll of butterflies
 i - 4 scrolls of teleportation
 j - 2 scrolls of fog
 m - a scroll of enchant weapon {unknown}
 p - a scroll of torment {unknown}
 q - a scroll of immolation {unknown}
Potions
 g - 2 potions of mutation {unknown}
 h - a potion of lignification {unknown}
 n - a potion of curing {@q1}
 o - 2 potions of heal wounds {@q2}


   Skills:
 - Level 3.2 Fighting
 + Level 7.0 Long Blades
 - Level 2.1 Armour
 - Level 1.5 Dodging


You had 6 spell levels left.
You didn't know any spells.
Your spell library was empty.

Dungeon Overview and Level Annotations

Branches:
Dungeon (4/15)             Temple (0/1) D:4

Altars:
Gozag
Sif Muna

Shops:
D:3 !

Annotations:
D:3 exclusion: downstairs
D:4 Sigmund


Innate Abilities, Weirdness & Mutations

You are immune to sickness and miasma.
Your stone body is resilient. (AC +4)
You are immune to poison.
You resist negative energy. (rN+)
You are resistant to electric shocks. (rElec)
You are resistant to unholy torment.
You are immune to petrification.


Message History

The hound bites you. The hound barely misses you.
You barely miss the hound. The hound bites you.
You hit the hound but do no damage. The hound barely misses you.
The hound closely misses you.
You hit the hound.
The hound is moderately wounded.
The hound closely misses you.
You slash the hound!
The hound is severely wounded.
The hound closely misses you. The hound barely misses you.
You completely miss the hound.
The hound is severely wounded.
The hound bites you but does no damage.
You completely miss the hound.
The hound is severely wounded.
The hound bites you. The orc hits you but does no damage.
The hound closely misses you.
You hit the hound.
You kill the hound!
Trog accepts your kill. The orc hits you with a +0 short sword.
Your Long Blades skill increases to level 7!
You have reached level 7!
You hit the orc.
The orc is moderately wounded.
The orc hits you but does no damage. x2
You hit the orc.
You kill the orc!
Trog accepts your kill. The orc barely misses you.
Items here: ! ) [ †.
You hit the orc.
The orc is severely wounded.
The orc zaps a wand.
The bolt of light hits you!
You are confused.
* * * LOW HITPOINT WARNING * * *
You bump into the rock wall.
The orc barely misses you.
The orc zaps a wand.
The bolt of light hits you!
You die...

##.##.#. #.....
..........#.#
#.....#.###.#..#
#######.###..
##.####........
...........). #.# #.......#
........#.... #.# #.......#
........#.##. #.# #.......#
........#.#.. #.####.......#
.............
#....#.......##
######..#.#..
#.##.#......o@# #..#.#..
#.##.##.....#)# #..#.#..
#.##.##.....#o#### #..#.#.#
#.##................. ...#.#
#
#.#######........#####.....#
# ...................
......# #########......#.###
#......#... #.#........ #


You could see 2 orcs.

Vanquished Creatures
  Edmund (D:4)
  A phantom (D:4)
  3 hounds
  An orc wizard (D:4)
  7 adders
  An ufetubus (D:4)
  2 worms
  A dart slug (D:2)
  8 orcs
  6 ball pythons
  4 endoplasms
  4 giant cockroaches
  2 goblins
  6 hobgoblins
  7 kobolds
  A quokka (D:1)
  4 bats
  5 frilled lizards
64 creatures vanquished.

Notes
Turn   | Place    | Note
-------+----------+-------------------------------------------
     0 | D:1      | Kenran the Gargoyle Berserker began the quest for the Orb.
     0 | D:1      | Reached XP level 1. HP: 14/14 MP: 1/1
   246 | D:1      | Reached skill level 3 in Long Blades
   354 | D:1      | Reached XP level 2. HP: 19/19 MP: 2/2
  1031 | D:2      | Reached XP level 3. HP: 8/23 MP: 3/3
  1169 | D:2      | Found a faded altar of an unknown god.
  1204 | D:2      | Reached skill level 4 in Long Blades
  1490 | D:2      | Reached ** piety under Trog
  1491 | D:2      | Reached XP level 4. HP: 27/28 MP: 4/4
  2413 | D:3      | Reached skill level 5 in Long Blades
  2413 | D:3      | Reached XP level 5. HP: 28/32 MP: 5/5
  2443 | D:3      | Found Ceurej's Distillery.
  2446 | D:3      | Bought a potion of heal wounds for 60 gold pieces
  2446 | D:3      | Bought a potion of curing for 36 gold pieces
  2655 | D:3      | Found a shimmering blue altar of Sif Muna.
  2923 | D:4      | Noticed Sigmund
  3056 | D:4      | Found a staircase to the Ecumenical Temple.
  3064 | D:4      | Noticed Edmund
  3077 | D:4      | Killed Edmund
  3078 | D:4      | Reached skill level 6 in Long Blades
  3078 | D:4      | Reached XP level 6. HP: 37/37 MP: 6/6
  3162 | D:4      | Found an opulent altar of Gozag.
  3376 | D:4      | HP: 1/55 [something/puff of flame (8)]
  3710 | D:4      | Reached skill level 7 in Long Blades
  3710 | D:4      | Reached XP level 7. HP: 24/41 MP: 7/7
  3715 | D:4      | Killed from afar by an orc

Illustrated notes

Levels and vault maps discovered:
D:1:      psy_arrival_spokes, layout_loops_ring
D:2:      layout_basic, nicolae_ecumenical_snake_handling, minivault_24
D:3:      layout_basic, lemuel_blue_sif_altar, serial_shops,
          nicolae_shop_tiny_real_fake_doors, grunt_decor_fettered
D:4:      layout_basic, nicolae_gozag_cash_rules_everything_around_me,
          minmay_temple_entry_butterflies, grunt_tough_drop, uniq_edmund,
          uniq_sigmund

Skill      XL: |  1  2  3  4  5  6 |
---------------+-------------------+-----
Long Blades    | 3 4 5 6 7 |  7.0
Fighting       | |  3.2
Armour         | |  2.1
Dodging        | |  1.5

Action                     |  1- 3 |  4- 6 |  7- 9 || total
---------------------------+-------+-------+-------++-------
  Melee: Falchion          |   173 |   195 |     3 ||   371
         Punch             |     7 |     1 |       ||     8
 Invoke: Berserk           |       |     2 |       ||     2
    Use: Scroll            |     2 |     3 |       ||     5
         Potion            |       |     2 |       ||     2
   Stab: Sleeping          |     1 |       |       ||     1
 Armour: Animal skin       |    36 |       |       ||    36
         Ring mail         |    36 |   114 |     2 ||   152
  Dodge: Dodged            |   114 |   145 |     2 ||   261
